 Dungeon Crawl Stone Soup version 0.31-a0-7-g51783674b7 (webtiles) character file.

Game seed: 17531351312043097497

55 sircluck the Trooper (level 3, -1/34 HPs)
             Began as a Hill Orc Fighter on May 5, 2023.
             Slain by a gnoll
             ... wielding a +0 spear
              (3 damage)
             ... on level 2 of the Dungeon.
             The game lasted 00:02:00 (1132 turns).

sircluck the Trooper (Hill Orc Fighter)             Turns: 1132, Time: 00:02:00

Health: -1/34      AC:  9    Str: 20    XL:     3   Next: 93%
Magic:  3/3        EV:  7    Int:  8    God:
Gold:   86         SH:  4    Dex: 10    Spells: 2/2 levels left

rFire   . . .        a - +0 war axe
rCold   . . .        c - +0 buckler
rNeg    . . .        g - +0 chain mail
rPois   .            (no helmet)
rElec   .            (no cloak)
rCorr   .            (no gloves)
SInv    .            (no boots)
Will    .....        (no amulet) Stlth
                     (no ring)
HPRegen 0.25/turn    (no ring)
MPRegen 0.08/turn

%: no passive effects
@: no status effects
A: no striking features
a: no special abilities


You were on level 2 of the Dungeon.
You visited 1 branch of the dungeon, and saw 3 of its levels.

You collected 86 gold pieces.

Inventory:

Hand Weapons
 a - a +0 war axe (weapon)
Armour
 b - a +0 scale mail
 c - a +0 buckler (worn)
 g - a +0 chain mail (worn)
Jewellery
 m - an amulet of magic regeneration
Scrolls
 e - 2 scrolls of identify {unknown}
 h - 3 scrolls of immolation {unknown}
 j - 2 scrolls of teleportation {unknown}
 l - a scroll of magic mapping {unknown}
Potions
 d - a potion of might
 f - a potion of curing {unknown}
 i - a potion of haste {unknown}
 k - a potion of cancellation {unknown}


   Skills:
 + Level 4.3 Fighting
 + Level 3.8 Axes
 + Level 3.6 Armour
 + Level 3.7 Shields


You had 2 spell levels left.
You didn't know any spells.
Your spell library was empty.

Dungeon Overview and Level Annotations

Branches:
Dungeon (3/15)

Altars:


Message History

The endoplasm freezes you.
You are frozen.
* * * LOW HITPOINT WARNING * * *
You climb downwards.
There is a stone staircase leading up here.
You slash the endoplasm!
You kill the endoplasm!
There is a stone staircase leading up here.
You start resting.
A quokka comes into view.
A quokka is nearby!
You climb upwards.
The gnoll completely misses you.
There is a stone staircase leading down here.
You closely miss the gnoll. You hit the kobold but do no damage.
The gnoll hits you from afar with a +0 spear.
The kobold hits you with a +0 short sword.
The gnoll hits you with a +0 flail.
* * * LOW HITPOINT WARNING * * *
The kobold hits you with a +0 short sword.
* * * LOW HITPOINT WARNING * * *
You block the gnoll's attack. x2
You barely miss the gnoll. You hit the kobold but do no damage.
The gnoll closely misses you. You block the kobold's attack.
You block the gnoll's attack.
Unknown command.
You barely miss the gnoll. You hit the kobold. You block the gnoll's attack.
The kobold barely misses you. The gnoll hits you with a +0 flail.
* * * LOW HITPOINT WARNING * * *
You closely miss the kobold.
The kobold is severely wounded.
You closely miss the gnoll. The gnoll hits you but does no damage.
The kobold hits you but does no damage. The gnoll completely misses you.
The gnoll hits you from afar with a +0 spear.
* * * LOW HITPOINT WARNING * * *
The kobold barely misses you. You block the gnoll's attack.
You hit the kobold.
You kill the kobold!
You closely miss the gnoll.
The gnoll hits you from afar with a +0 spear.
You die...

#... #... #...#
######...####
............#
............#
$........$..#
......$.....###
.....$.....g)@#
......).....#g#
...........##.#
...........##.#
..(........##.#
...........##.#
...........##.#
...........##.#
....?......##.#


You could see 2 gnolls.

Vanquished Creatures
  A gnoll (D:2)
  3 dart slugs (D:1)
  5 ball pythons
  A bat (D:1)
  An endoplasm (D:3)
  2 giant cockroaches
  4 goblins (D:1)
  7 hobgoblins
  2 kobolds (D:2)
  2 quokkas (D:1)
  7 frilled lizards
  3 rats (D:1)
38 creatures vanquished.

Notes
Turn   | Place    | Note
-------+----------+-------------------------------------------
     0 | D:1      | sircluck the Hill Orc Fighter began the quest for the Orb.
     0 | D:1      | Reached XP level 1. HP: 19/19 MP: 1/1
   109 | D:1      | Reached XP level 2. HP: 27/27 MP: 2/2
   462 | D:1      | Reached skill level 4 in Fighting
   502 | D:1      | Reached XP level 3. HP: 33/33 MP: 3/3
  1132 | D:2      | Slain by a gnoll

Illustrated notes

Levels and vault maps discovered:
D:1:      lightli_arrival_lavapool, layout_basic, serial_bayou_pond_d,
          chequers_serial_rivers_room_b
D:2:      layout_basic
D:3:      layout_basic, minmay_door_square, nrook_uturn, interstate_on_off,
          grunt_decor_clamped

Skill      XL: |  1  2 |
---------------+-------+-----
Axes           | 3 |  3.8
Fighting       | 4 |  4.3
Armour         | |  3.6
Shields        | |  3.7

Action                     || total
---------------------------++-------
  Melee: War axe           ||   100
 Armour: Scale mail        ||    34
         Chain mail        ||     9
  Dodge: Dodged            ||    56
  Block: Buckler           ||    29

Table legend: (Time is in decaauts)
 A = Elapsed time spent in this place.
 B = Non-inter-level travel time spent in this place.
 C = Inter-level travel time spent in this place.
 D = Time resting spent in this place.
 E = Time spent auto-exploring this place.
 F = Levels seen in this place.
 G = Mean time per level.
                   A        B        C        D        E       F      G
               +--------+--------+--------+--------+--------+-----+--------+
         Total |   1173 |   1038 |    135 |     22 |    753 |   3 |  391.0 |
       Dungeon |   1173 |   1038 |    135 |     22 |    753 |   3 |  391.0 |
               +--------+--------+--------+--------+--------+-----+--------+

Top non-repeatable levels by time:
     D:1: 971 daAuts
     D:2: 175 daAuts
     D:3: 27 daAuts
